Map: Ever Dream LE

Players

Massa

  • Race: Terran Terran
  • League: Gold
  • Spawn Location: 7:00

DMZ - Winner!

  • Race: Terran Terran
  • League: Gold
  • Spawn Location: 1:00

VOD

Have the link to the VOD?

Description

Time

  • Played on: Sept. 1, 2020, 12:56 p.m.
  • Length: 15:44
Show
View Real Time Build Order
Export as new Build Order

Massa Terran 

Build Orders:  

Get SALT Encoding   

  12  0:01  SCV  
  13  0:13  SCV  
  14  0:19  Supply Depot  
  14  0:25  SCV  
  15  0:29  Refinery  
  15  0:43  Barracks  
  15  0:45  SCV  
  17  0:57  SCV  
  17  1:04  Refinery  
  17  1:09  SCV  
  18  1:21  SCV  
  19  1:31  Supply Depot  
  19  1:33  SCV  
  20  1:40  Factory  
  20  1:43  Reaper  
  21  1:48  Orbital Command  
  21  1:58  Supply Depot  
  21  2:14  SCV  
  22  2:26  SCV, Hellion  
  22  2:28  Reaper  
  26  2:45  Command Center  
  26  2:49  Hellion  
  28  3:00  Reaper  
  28  3:03  Supply Depot  
  29  3:18  Factory Tech Lab  
  29  3:32  Barracks  
  29  3:34  Command Center  
  29  3:43  Barracks Tech Lab  
  29  3:44  Siege Tank  
  32  3:48  SCV  
  33  4:00  SCV  
  34  4:21  Marauder  
  36  4:26  Barracks Reactor  
  36  4:30  Stimpack  
  31  4:41  Orbital Command  
  31  4:42  Marauder  
  33  4:45  SCV  
  33  4:48  Orbital Command  
  34  4:53  Barracks  
  34  4:58  SCV, Siege Tank  
  38  5:02  Starport  
  38  5:03  Marauder  
  38  5:05  Engineering Bay  
  40  5:09  SCV  
  40  5:10  SCV  
  42  5:15  SCV  
  43  5:21  SCV  
  43  5:22  SCV  
  43  5:23  Marine x2  
  43  5:27  SCV  
  48  5:30  Siege Tank  
  48  5:33  SCV  
  48  5:34  SCV  
  53  5:38  Marauder  
  53  5:41  Marine x2  
  57  5:48  SCV x3  
  60  5:50  Refinery  
  60  5:52  Barracks Tech Lab  
  60  5:59  Marauder, Marine x2  
  60  6:00  Starport Tech Lab, SCV  
  65  6:10  Missile Turret  
  65  6:13  Missile Turret  
  65  6:18  Missile Turret  
  65  6:23  Sensor Tower  
  65  6:28  Missile Turret  
  65  6:30  Missile Turret  
  65  6:31  Marauder  
  65  6:32  Concussive Shells  
  67  6:35  Widow Mine  
  67  6:36  Marine x2  
  71  6:53  Marine  
  71  6:54  Marine  
  73  6:56  Widow Mine  
  73  6:57  Raven  
  73  7:00  Orbital Command  
  77  7:22  Supply Depot  
  77  7:23  Supply Depot  
  77  7:41  Marauder  
  77  7:43  Supply Depot  
  77  7:44  SCV x3, Marauder, Marine, Medivac  
  85  7:46  Supply Depot  
  85  7:47  Supply Depot  
  85  7:49  Refinery  
  85  7:56  SCV x3  
  88  8:02  Marauder  
  88  8:05  Marine x2  
  92  8:06  Marauder  
  92  8:07  Combat Shield, Supply Depot  
  92  8:08  SCV x3  
  92  8:09  Supply Depot  
  92  8:11  Supply Depot  
  97  8:13  Barracks  
  97  8:14  Medivac  
  97  8:17  Barracks  
  99  8:20  SCV x3  
  99  8:23  Marauder, Marine x2  
  99  8:25  Terran Infantry Weapons Level 1  
  108  8:27  Marauder  
  108  8:29  Armory  
  108  8:32  Engineering Bay  
  108  8:38  Missile Turret  
  108  8:41  Marine x2, Missile Turret  
  108  8:44  Supply Depot  
  108  8:45  Marauder  
  108  8:48  SCV x2  
  114  8:53  Refinery  
  114  8:54  Marauder  
  116  9:02  Missile Turret  
  116  9:06  Barracks Tech Lab  
  116  9:07  Barracks Reactor, Supply Depot  
  116  9:11  Siege Tank  
  119  9:23  Medivac  
  121  9:30  Supply Depot  
  121  9:32  Missile Turret  
  121  9:41  Factory  
  121  9:42  Terran Infantry Armor Level 1  
  121  9:43  Siege Tank  
  124  9:46  Marine  
  124  9:47  Marine x6  
  124  9:52  Supply Depot  
  131  9:53  Medivac  
  131  9:59  Command Center  
  133  10:04  Marine x4  
  133  10:05  Marine x2  
  137  10:15  Supply Depot  
  111  10:42  Liberator  
  112  10:48  Marauder, Marine  
  112  10:49  Marauder x2, Marine x2  
  121  10:52  Siege Tank  
  124  10:58  Factory Tech Lab  
  124  11:09  Supply Depot x2  
  122  11:24  Liberator, Siege Tank  
  128  11:32  Supply Depot  
  128  11:34  Supply Depot  
  123  11:56  Supply Depot  
  123  12:00  Orbital Command  
  120  12:02  SCV  
  120  12:03  SCV  
  110  12:15  SCV x2  
  86  12:24  Viking  
  86  12:27  SCV x2  
  78  12:39  Marauder x3, Marine x3  
  78  12:40  Marine  
  70  12:54  Viking  
  70  12:55  Siege Tank x2  
  70  12:57  Marine x4  
  82  13:00  Marauder x2  
  72  13:15  Marine x4  
  72  13:16  Command Center  
  74  13:22  Marauder x2  
  74  13:24  Viking  
  80  13:27  Siege Tank  
  80  13:32  Starport x3  
  78  13:43  Marauder x2  
  79  13:54  Viking  
  77  13:59  Siege Tank  
  73  14:04  Marauder  
  73  14:05  Marauder  
  71  14:20  Marine x2  
  65  14:26  Marauder  
  65  14:28  Viking x4  
  66  14:34  SCV  
  62  14:42  Command Center  
  52  14:46  Planetary Fortress  
  52  14:47  Marine  
  52  14:48  Marine  
  46  14:58  Viking x3  
  39  15:04  Marine  
  39  15:06  Marine  
Show
View Real Time Build Order
Export as new Build Order

DMZ Terran - Winner!

Build Orders:  

Get SALT Encoding   

  12  0:00  SCV  
  13  0:12  SCV  
  14  0:17  Supply Depot  
  14  0:24  SCV  
  15  0:32  Refinery  
  15  0:39  SCV  
  16  0:45  Barracks  
  16  0:51  SCV  
  17  0:57  Refinery  
  17  1:03  SCV  
  18  1:15  SCV  
  19  1:32  Orbital Command  
  19  1:33  Reaper  
  19  1:38  Factory  
  20  1:47  Supply Depot  
  20  2:03  SCV  
  20  2:05  Reaper  
  22  2:19  SCV  
  23  2:23  Hellion  
  25  2:35  Command Center  
  25  2:38  SCV  
  25  2:42  Barracks Reactor  
  26  2:48  Factory Tech Lab  
  26  2:57  SCV  
  27  2:58  Starport  
  27  3:00  Supply Depot  
  27  3:09  SCV  
  28  3:14  Siege Tank  
  31  3:22  SCV, Marine x2  
  34  3:34  SCV  
  34  3:36  Starport Tech Lab  
  34  3:39  Marine  
  36  3:44  Marine  
  36  3:46  SCV  
  38  3:50  Orbital Command  
  38  3:53  Refinery  
  38  3:57  Marine  
  38  3:58  SCV  
  38  3:59  Siege Tank  
  41  4:10  SCV  
  41  4:17  Marine  
  41  4:18  SCV  
  43  4:32  SCV x2  
  45  4:44  SCV x2  
  47  4:48  Raven  
  47  4:51  Refinery  
  49  4:56  SCV x2  
  51  5:08  SCV x2  
  51  5:10  Supply Depot  
  51  5:12  Engineering Bay  
  53  5:14  Engineering Bay  
  53  5:16  Marine  
  53  5:19  Command Center  
  54  5:24  SCV x2, Marine, Siege Tank  
  60  5:33  Raven  
  60  5:34  Marine  
  63  5:36  SCV x2  
  63  5:39  Terran Infantry Weapons Level 1  
  63  5:42  Marine  
  66  5:48  SCV x2  
  68  5:52  Marine  
  69  6:00  Marine  
  69  6:01  SCV x2  
  70  6:14  Barracks  
  70  6:15  Barracks  
  70  6:16  Terran Infantry Armor Level 1  
  70  6:17  Supply Depot  
  70  6:19  Supply Depot  
  70  6:30  SCV, Siege Tank  
  70  6:31  SCV  
  75  6:33  Orbital Command  
  75  6:42  SCV, Missile Turret  
  75  6:43  SCV  
  75  6:44  Missile Turret  
  75  6:46  Marine  
  78  6:47  Viking  
  78  6:51  Stimpack  
  80  6:55  SCV  
  80  6:59  Orbital Command  
  81  7:02  SCV  
  81  7:03  Marine  
  81  7:05  Supply Depot  
  83  7:12  Siege Tank  
  83  7:14  Barracks Reactor  
  83  7:15  Barracks Reactor  
  86  7:19  SCV  
  86  7:21  Marine  
  88  7:25  Barracks  
  88  7:27  SCV  
  88  7:28  SCV, Armory  
  88  7:29  Supply Depot  
  90  7:31  SCV  
  91  7:37  Viking x2  
  91  7:39  Marine  
  96  7:44  SCV  
  96  7:48  SCV  
  96  7:50  Siege Tank  
  96  7:51  Marine x3  
  102  7:55  SCV, Marine  
  102  7:57  Marine  
  102  7:58  SCV  
  108  8:00  SCV  
  109  8:07  SCV, Viking  
  109  8:08  Marine  
  109  8:09  Marine, Supply Depot  
  109  8:11  Missile Turret x2  
  114  8:13  SCV x2, Barracks  
  114  8:15  Marine  
  114  8:16  Sensor Tower  
  117  8:27  Supply Depot  
  117  8:29  Refinery, Supply Depot  
  117  8:30  SCV, Marine  
  117  8:32  Marine  
  117  8:33  Marine x2  
  122  8:34  Marine  
  122  8:36  Missile Turret  
  122  8:38  Terran Infantry Weapons Level 2  
  123  8:43  Terran Infantry Armor Level 2  
  123  8:45  Marine  
  123  8:48  Marine, Combat Shield  
  125  8:49  Hellion  
  125  8:50  SCV, Marine  
  129  8:55  Supply Depot  
  129  8:57  Supply Depot  
  129  9:07  SCV  
  129  9:08  Marine  
  129  9:09  Marauder, Marine  
  78  9:10  Medivac x2  
  134  9:12  Terran Vehicle Weapons Level 1  
  134  9:13  Marine  
  134  9:14  Barracks Reactor x2  
  139  9:17  Marine  
  140  9:25  SCV  
  140  9:26  Marine  
  140  9:31  Marauder  
  144  9:34  Refinery  
  144  9:35  Command Center  
  144  9:46  Marine  
  144  9:49  Missile Turret  
  145  10:02  Barracks  
  145  10:05  Barracks  
  142  10:09  Missile Turret  
  135  10:25  Marine  
  135  10:26  Marauder  
  100  10:29  Marine  
  100  10:30  Marine  
  100  10:31  Marine x3  
  100  10:32  Marine x2  
  100  10:33  Siege Tank  
  100  10:35  Medivac x2  
  113  10:41  SCV  
  113  10:42  SCV  
  113  10:43  Marine  
  113  10:47  Marauder, Marine  
  113  10:48  Marine x3  
  113  10:49  Marine  
  121  10:50  Marine  
  122  10:58  Marine  
  122  11:01  Missile Turret  
  122  11:02  Marine  
  124  11:04  Refinery, Missile Turret  
  124  11:05  Marine, Siege Tank  
  124  11:06  Terran Vehicle And Ship Armor Level 1, Marine x3  
  124  11:07  Viking x2  
  124  11:08  Marine  
  124  11:09  Marauder  
  138  11:12  SCV  
  138  11:13  Orbital Command  
  136  11:19  Marine  
  136  11:21  Marine  
  136  11:22  Marine x2  
  136  11:24  SCV x2, Marine x3  
  145  11:26  SCV, Marine  
  145  11:30  Marauder  
  149  11:37  Marine  
  149  11:38  Siege Tank  
  149  11:39  Marine x2  
  154  11:40  SCV, Marine  
  154  11:41  Marine  
  154  11:42  Marine x2  
  154  11:43  Marine  
  161  11:50  Command Center  
  161  11:51  Marauder  
  163  11:56  Marine  
  162  12:02  Marine  
  162  12:03  Marine  
  162  12:08  Marine x2  
  160  12:10  Siege Tank  
  160  12:13  Marauder  
  160  12:14  Marine  
  159  12:17  Marine  
  159  12:18  Viking x2  
  159  12:20  SCV  
  164  12:24  Terran Infantry Weapons Level 3  
  161  12:34  Marauder, Marine  
  149  12:37  Marine  
  149  12:40  Marine  
  149  12:41  Marine  
  149  12:42  Marine  
  149  12:43  Marine  
  148  12:44  Marine  
  148  12:45  Marine  
  148  12:48  Liberator x2  
  156  12:51  Hellion  
  156  12:52  Marine  
  156  12:55  Marine  
  156  12:56  Marauder  
  156  12:58  Marine  
  160  12:59  Marine  
  160  13:00  Terran Vehicle Weapons Level 2, Marine x2  
  160  13:02  Marine  
  160  13:03  Marine  
  165  13:08  SCV x2  
  165  13:09  Marine  
  168  13:13  Marine  
  168  13:16  Marine x2  
  168  13:17  Marauder, Marine  
  168  13:18  Marine  
  175  13:20  Marine  
  175  13:21  Marine  
  177  13:27  Marine  
  177  13:31  Marine, Viking, Medivac  
  177  13:34  Marine x2  
  183  13:35  Marine  
  183  13:38  Marauder  
  183  13:39  Marine  
  183  13:40  Marine  
  183  13:41  Marine  
  174  13:45  Marine  
  163  13:49  Marine  
  163  13:51  Marine  
  163  13:52  Marine, Siege Tank  
  163  13:53  Marine  
  167  13:56  Planetary Fortress  
  167  13:57  Marine  
  167  13:58  SCV, Marine x2  
  167  14:00  Marauder  
  167  14:01  Liberator, Viking  
  178  14:03  Marine  
  178  14:07  Marine  
  178  14:09  Marine  
  178  14:10  Marine  
  178  14:11  Marine  
  178  14:15  Marine  
  178  14:16  Marine x2  
  166  14:21  Marauder, Marine  
  169  14:24  Marine, Siege Tank  
  169  14:27  Marine  
  169  14:28  Marine  
  169  14:29  Marine  
  175  14:33  Marine  
  175  14:34  Marine x2  
  175  14:36  SCV  
  179  14:38  SCV, Marine  
  179  14:42  Marauder, Marine  
  179  14:45  Marine  
  184  14:46  Marine  
  184  14:47  Marine  
  184  14:51  Marine  
  187  14:54  Marine x2  
  187  15:01  Marine x2, Command Center  
  187  15:02  Hellion  
  187  15:03  Marine x2  
  187  15:04  Marine  
  187  15:07  Command Center  
  187  15:09  Marauder, Command Center  
  187  15:10  Marine  
  187  15:12  Marine  
  187  15:22  Marine  
  187  15:27  Supply Depot x2  
Tags
 
League
GoldGold
Matchup
TvT
Race
Terran
Replay Pack
Multiplayer
Spawn Locations
Cross Positions
Add a new tag
Caveats
  • Supply blocks, unpowered buildings, or Contaminate may cause inaccurate times.
  • Supply counts are checked every 10 seconds.